 Dungeon Crawl Stone Soup version 0.27-a0-203-gd48b2df3c9 (webtiles) character file.

Game seed: 212150906794231992

35078 GEC the Gelid (level 13, -1/102 HPs)
             Began as an Ogre Ice Elementalist on Jan 29, 2021.
             Was the Champion of Jiyva.
             Slain by a smoke demon (6 damage)
             ... on level 6 of the Lair of Beasts on Jan 30, 2021.
             The game lasted 01:24:41 (20632 turns).

GEC the Gelid (Ogre Ice Elementalist)              Turns: 20632, Time: 01:24:42

Health: -1/102     AC: 10    Str: 10    XL:     13   Next: 81%
Magic:  7/35       EV: 14    Int: 28    God:    Jiyva [******]
Gold:   557        SH:  9    Dex:  8    Spells: 14/37 levels left

rFire    . . .     SeeInvis +   m - +1 giant spiked club
rCold    + + .     Faith    .   (shield currently unavailable)
rNeg     . . .     Spirit   .   p - +0 steam dragon scales
rPois    .         Reflect  +   c - +1 hat
rElec    +         Harm     .   l - +2 cloak
rCorr    +         Rampage  .   (gloves unavailable)
Will     +....     Clarity  +   (boots unavailable)
Stlth    ++........             f - amulet of reflection
HPRegen  0.27/turn              w - ring of magical power (curse)
MPRegen  0.24/turn              C - ring "Biar" {*Drain rElec rC++ SInv Stlth+}

@: liquid flames, about to teleport, glowing
A: large, unfitting armour, large bone plates 1, thin skeletal structure 1,
clarity, low mp 1, tough skin 1, tendrils, jelly sensing items, MP-powered
wands, sturdy frame 1
a: Renounce Religion, Request Jelly, Slimify, Cure Bad Mutation


You were on level 6 of the Lair of Beasts.
You worshipped Jiyva.
Jiyva was exalted by your worship.
You visited 3 branches of the dungeon, and saw 18 of its levels.
You also visited: Volcano.

You collected 557 gold pieces.

Inventory:

Hand Weapons
 j - a +2 quarterstaff of chaos
 m - a +1 giant spiked club (weapon)
Missiles
 t - 6 throwing nets
Armour
 a - a +0 robe
 c - a +1 hat (worn)
 l - a +2 cloak (worn)
 p - +0 steam dragon scales (worn)
Jewellery
 f - an amulet of reflection (around neck)
 w - a cursed ring of magical power (left hand)
 C - the ring "Biar" (right hand) {*Drain rElec rC++ SInv Stlth+}
   (You found it on level 3 of the Lair of Beasts)

   [ring of see invisible]

   It greatly protects you from cold.
   It insulates you from electricity.
   It lets you see invisible.
   It causes draining when unequipped.
   It makes you more stealthy.
Wands
 g - a wand of digging (7)
 n - a wand of random effects (38)
 s - a wand of acid (15)
 E - a wand of flame (25)
Scrolls
 d - a scroll of magic mapping {unknown}
 e - 5 scrolls of teleportation
 i - 2 scrolls of blinking
 r - 2 scrolls of fog
 u - a scroll of torment {unknown}
 x - 3 scrolls of fear {unknown}
 y - 3 scrolls of remove curse
 z - a scroll of acquirement {unknown}
Potions
 b - 6 potions of flight
 h - 4 potions of cancellation
 k - a potion of brilliance {unknown}
 o - a potion of magic
 q - 5 potions of curing
 v - 3 potions of attraction
 A - 2 potions of ambrosia {unknown}
 B - 2 potions of berserk rage {unknown}
Miscellaneous
 D - a box of beasts (inert)


   Skills:
 + Level 10.9 Dodging
 - Level 1.4 Stealth
 + Level 12.7 Spellcasting
 * Level 15.0 Ice Magic


You had 14 spell levels left.
You knew the following spells:

 Your Spells              Type           Power        Failure   Level
a - Freeze                Ice            100%         0%          1
b - Frozen Ramparts       Ice            100%         1%          3
c - Pain                  Necr           68%          3%          1
d - Summon Ice Beast      Ice/Summ       56%          1%          4
e - Ensorcelled Hibernat  Hex/Ice        100%         1%          2
f - Hailstorm             Conj/Ice       56%          1%          4
g - Ice Form              Ice/Tmut       56%          1%          4
h - Animate Skeleton      Necr           34%          3%          1
i - Stone Arrow           Conj/Erth      34%          9%          3

Your spell library contained the following spells:

 Spells                   Type           Power        Failure   Level
 Ozocubu's Armour         Ice            80%          1%          3
 Beastly Appendage        Tmut           34%          3%          1
 Corona                   Hex            18%          3%          1
 Sandblast                Erth           34%          3%          1
 Passwall                 Tmut/Erth      14%          4%          2
 Wereblood                Tmut           17%          4%          2
 Confusing Touch          Hex            17%          9%          3
 Dazzling Flash           Conj/Hex       34%          9%          3
 Spider Form              Tmut/Pois      8%           9%          3
 Tukima's Dance           Hex            17%          9%          3
 Vampiric Draining        Necr           8%           9%          3
 Animate Dead             Necr           8%           30%         4
 Petrify                  Tmut/Erth      17%          30%         4
 Agony                    Necr           17%          63%         5
 Blade Hands              Tmut           8%           63%         5
 Lee's Rapid Deconstruct  Erth           8%           63%         5


Dungeon Overview and Level Annotations

Branches:
Dungeon (11/15)            Temple (1/1) D:4            Lair (6/6) D:11
 Shoals (0/4) Lair:3       Spider (0/4) Lair:4        Slime (0/5) Lair:6
    Orc (0/2) D:11        Volcano (visited)

Altars:
Ashenzari
Cheibriados
Dithmenos
Elyvilon
Fedhas
Gozag
Hepliaklqana
Kikubaaqudgha
Makhleb
Nemelex Xobeh
Okawaru
Qazlal
Ru
Sif Muna
Uskayaw
Vehumet
Wu Jian
Xom
Zin
Jiyva

Annotations:
Lair:5 exclusion: 2 oklob plants


Innate Abilities, Weirdness & Mutations

You are too large for most types of armour.
You have tough skin. (AC +1)
You are partially covered in large bone plates. (SH +4)
You have a somewhat thin skeletal structure. (Dex +2, Stealth)
You possess an exceptional clarity of mind.
Your magical capacity is low. (-10% MP)
You are covered in slimy tendrils that may disarm your opponents.
You have a small jelly attached to you that senses nearby items.
You expend magic power (3 MP) to strengthen your wands.
Your movements are slightly less encumbered by armour. (ER -2)


Message History

The ice devil hits you!
* * * LOW HITPOINT WARNING * * *
The ice devil freezes you. You resist.
* * * LOW HITPOINT WARNING * * *
Blink to where?
Press: ? - help, Dir - move target, p - ice devil
As you read the scroll of blinking, it crumbles to dust.
A smoke demon comes into view.
As you close the door, it creaks loudly!
The smoke demon roars!
The smoke demon gestures at you. The sticky flame hits you.
You are covered in liquid flames!
* * * LOW HITPOINT WARNING * * *
As you read the scroll of teleportation, it crumbles to dust.
You feel strangely unstable.
You are covered in liquid flames!
* * * LOW HITPOINT WARNING * * *
The smoke demon hits you.
You die...

§§§## #########
§.....#........#
.4h...#..8.8...# ∆ ∆
._....'...#.8..# ♣.
#).#.8...# ♣.. #...8.#..#
♣.. #############..8.#...#
♣.♣ ............+..38.8..#
♣.. ...8....8...#..h@....#♣
♣.
......4.....#########+♣♣♣♣♣
♣ #####''###### ♣♣♣.♣♣.♣♣
♣♣ ♣....♣ ♣♣♣.......♣♣ ♣♣.
♣♣..♣♣ ♣♣♣....♣♣♣...♣♣♣..
♣♣..♣♣♣ ♣♣†..♣♣♣♣ ♣♣♣♣..♣.♣
♣♣♣..♣♣♣♣♣...♣♣ ♣♣♣...
♣♣♣..♣...♣♣♣ ♣♣.. ♣♣♣..†^♣
♣♣.


You could see a smoke demon and a hell hound.

Vanquished Creatures
  Nessos (Lair:4)
  Harold (D:7)
  2 hydras (Lair:6)
  A death yak (Lair:6)
  A hell knight (Volcano)
  A sun demon (Lair:6)
  Nergalle (D:11)
  A salamander mystic (Volcano)
  A wizard (Lair:6)
  4 salamanders (Volcano)
  3 elephants
  4 black mambas
  A centaur skeleton (D:9)
  A gargoyle (Volcano)
  An orange demon (Lair:6)
  6 cane toads
  4 komodo dragons
  A troll (D:11)
  17 blink frogs
  A dream sheep (Lair:6)
  2 wyverns (D:11)
  2 spriggans (Lair:2)
  A wraith (D:11)
  11 yaks
  2 basilisks
  6 fire bats (Volcano)
  3 hell hounds (Lair:6)
  An acid dragon (D:11)
  7 water moccasins
  2 ice beasts
  An orc warrior (D:11)
  2 black bears
  A sky beast (D:11)
  3 ogres
  A necrophage (D:11)
  2 centaurs
  4 wolves (Lair:2)
  A big kobold (D:7)
  8 bullfrogs
  A wyvern zombie (D:10)
  3 scorpions
  A killer bee (D:10)
  4 howler monkeys
  3 wights (D:8)
  2 lava snakes (Volcano)
  A bullfrog zombie (D:5)
  3 hounds
  Crazy Yiuf (D:3)
  An orc priest (D:7)
  3 bullfrog skeletons
  A gnoll shaman (D:6)
  Jessica (D:3)
  3 iguanas
  5 orc wizards
  7 worker ants
  Natasha (thrice) (D:3)
  A killer bee zombie (D:9)
  A hound zombie (D:6)
  18 gnolls
  12 adders
  2 shadow imps
  An ufetubus (D:8)
  2 adder skeletons
  3 worms (D:3)
  3 dart slugs
  5 leopard geckos
  21 orcs
  6 bats
  6 giant cockroaches
  8 goblins
  2 hobgoblins
  6 jackals
  11 kobolds
  A quokka (D:2)
  4 ball pythons
  5 frilled lizards
  3 rats
277 creatures vanquished.

Vanquished Creatures (collateral kills)
  A dire elephant (Lair:6)
  2 hydras (Lair:6)
  2 death yaks (Lair:6)
  A lindwurm (Lair:6)
  A salamander (Volcano)
  4 elephants
  A black mamba (Lair:6)
  11 cane toads
  A gargoyle (D:11)
  An orange demon (Lair:6)
  2 rime drakes
  4 komodo dragons
  A polar bear (Lair:2)
  13 dream sheep
  8 blink frogs
  A redback (Lair:4)
  A wraith (D:10)
  A basilisk (Lair:6)
  A wyvern (Lair:5)
  15 yaks
  A hell hound (Lair:6)
  2 water moccasins
  A black bear (Lair:2)
  An orc warrior (D:11)
  3 wolves (Lair:2)
  An ice beast (D:10)
  3 bullfrogs
  A killer bee (D:10)
  3 lava snakes (Volcano)
  2 electric eels (D:10)
  A quasit (D:11)
  An orc priest (D:11)
  An adder (D:11)
  A gnoll (D:11)
  An orc (D:11)
95 creatures vanquished.

Vanquished Creatures (others)
  A death yak (Lair:6)
  2 slime creatures (Lair:6)
  A meliai zombie (D:11)
  A steam dragon (D:11)
  3 floating eyes (D:11)
  2 water moccasins
  3 ice beasts
  A phantom (D:7)
  A wolf (Lair:2)
  A centaur (D:11)
  A wyvern zombie (D:10)
  A scorpion (D:11)
  4 killer bees (D:10)
  2 hounds
  A quasit (D:8)
  A bullfrog skeleton (D:6)
  4 orc priests
  104 jellies
  A centaur skeleton (D:9)
  3 iguanas
  4 orc wizards
  3 worker ants
  2 howler monkey zombies (D:5)
  2 gnolls (D:5)
  4 adders
  A white imp (D:6)
  2 ufetubi
  A worm (D:5)
  10 orcs
  3 quokkas
  A goblin (D:1)
  A kobold (D:7)
  106 fungi
  149 plants
427 creatures vanquished.

Grand Total: 799 creatures vanquished

Notes
Turn   | Place    | Note
-------+----------+-------------------------------------------
     0 | D:1      | GEC the Ogre Ice Elementalist began the quest for the Orb.
     0 | D:1      | Reached XP level 1. HP: 16/16 MP: 3/3
   169 | D:1      | Reached XP level 2. HP: 20/24 MP: 0/5
   413 | D:1      | Reached skill level 4 in Ice Magic
   555 | D:1      | Reached XP level 3. HP: 31/31 MP: 4/7
  1238 | D:2      | Reached XP level 4. HP: 29/39 MP: 0/8
  1258 | D:2      | Learned a level 3 spell: Frozen Ramparts
  1782 | D:2      | Found a blossoming altar of Fedhas.
  2186 | D:3      | Found a runed translucent door.
  2187 | D:3      | Noticed Crazy Yiuf
  2260 | D:3      | Noticed Natasha
  2267 | D:3      | Killed Natasha
  2268 | D:3      | Reached XP level 5. HP: 33/45 MP: 7/10
  2521 | D:3      | Reached skill level 5 in Ice Magic
  2745 | D:3      | Found a broken altar of Ashenzari.
  2745 | D:3      | Found a shadowy altar of Dithmenos.
  2883 | D:3      | Noticed Jessica
  2902 | D:3      | Killed Jessica
  3006 | D:3      | Noticed Natasha
  3015 | D:3      | Killed Natasha
  3016 | D:3      | Reached XP level 6. HP: 37/53 MP: 2/12
  3149 | D:3      | Found a shimmering altar of Xom.
  3150 | D:3      | Found a shimmering altar of Xom.
  3150 | D:3      | Found a shimmering altar of Xom.
  3647 | D:3      | Killed Crazy Yiuf
  3678 | D:3      | Noticed Natasha
  3682 | D:3      | Killed Natasha
  3845 | D:4      | Found a shimmering altar of Xom.
  3926 | D:4      | Noticed an angel
  3927 | D:4      | Found a glowing silver altar of Zin.
  4085 | D:4      | Found a staircase to the Ecumenical Temple.
  4117 | Temple   | Entered the Ecumenical Temple
  4126 | Temple   | Became a worshipper of Jiyva Jeleem the Shapeless
  4156 | D:4      | Reached XP level 7. HP: 59/59 MP: 8/13
  4202 | D:4      | Reached skill level 6 in Ice Magic
  4436 | D:5      | Entered Level 5 of the Dungeon
  4616 | D:5      | Reached skill level 5 in Spellcasting
  4711 | D:5      | Reached * piety under Jiyva
  5262 | D:6      | Reached ** piety under Jiyva
  5484 | D:6      | Reached XP level 8. HP: 67/67 MP: 12/15
  5639 | D:6      | Found an iron altar of Okawaru.
  6033 | D:6      | Reached skill level 7 in Ice Magic
  6198 | D:7      | Reached *** piety under Jiyva
  6232 | D:7      | Learned a level 1 spell: Pain
  6244 | D:7      | Gained mutation: You have acidic saliva. [Jiyva's grace]
  6466 | D:7      | Noticed Harold
  6480 | D:7      | Killed Harold
  6481 | D:7      | Reached skill level 5 in Dodging
  6481 | D:7      | Reached skill level 8 in Ice Magic
  6481 | D:7      | Reached XP level 9. HP: 35/74 MP: 3/19
  7051 | D:7      | Gained mutation: Your movements are slightly less
                  | encumbered by armour. (ER -2) [Jiyva's grace]
  7122 | D:7      | Reached **** piety under Jiyva
  7584 | D:8      | Found a stormy altar of Qazlal.
  8125 | D:8      | Gained mutation: You are covered in slimy tendrils that may
                  | disarm your opponents. [Jiyva's grace]
  8156 | D:8      | Reached ***** piety under Jiyva
  8466 | D:8      | Found a snail-covered altar of Cheibriados.
  8466 | D:8      | Found a shimmering blue altar of Sif Muna.
  8471 | D:8      | Found an opulent altar of Gozag.
  8472 | D:8      | Found a hide-covered altar of Uskayaw.
  8473 | D:8      | Found a white marble altar of Elyvilon.
  8474 | D:8      | Found an ornate altar of the Wu Jian Council.
  8475 | D:8      | Found an ancient bone altar of Kikubaaqudgha.
  8536 | D:8      | Found a blossoming altar of Fedhas.
  8908 | D:9      | Reached skill level 9 in Ice Magic
  9600 | D:10     | Entered Level 10 of the Dungeon
  9835 | D:10     | Learned a level 4 spell: Summon Ice Beast
  9838 | D:10     | Learned a level 2 spell: Ensorcelled Hibernation
  9843 | D:10     | Learned a level 4 spell: Hailstorm
 10058 | D:10     | Gained mutation: You have large cloven feet. [Jiyva's
                  | grace]
 10160 | D:10     | Reached XP level 10. HP: 76/81 MP: 21/21
 10312 | D:10     | Gained mutation: You expend magic power (3 MP) to
                  | strengthen your wands. [Jiyva's grace]
 10814 | D:10     | Learned a level 4 spell: Ice Form
 10913 | D:11     | Gained mutation: Your translucent skin slightly reduces
                  | your foes' accuracy. (Stealth) [Jiyva's grace]
 11005 | D:11     | Reached skill level 10 in Ice Magic
 11047 | D:11     | Noticed a gargoyle
 11109 | D:11     | Gained mutation: You are dopey. (Int -2) [Jiyva's grace]
 11122 | D:11     | Reached ****** piety under Jiyva
 11152 | D:11     | Killed a gargoyle
 11559 | D:11     | Found a staircase to the Orcish Mines.
 11561 | D:11     | Noticed Nergalle
 11574 | D:11     | Killed Nergalle
 11621 | D:11     | Gained mutation: You have a somewhat thin skeletal
                  | structure. (Dex +2, Stealth) [Jiyva's grace]
 11816 | D:11     | Found a staircase to the Lair.
 12031 | Lair:1   | Entered Level 1 of the Lair of Beasts
 12302 | Lair:1   | Gained mutation: You have a small jelly attached to you
                  | that senses nearby items. [Jiyva's grace]
 12309 | Lair:1   | Noticed a cane toad
 12318 | Lair:1   | Killed a cane toad
 12319 | Lair:1   | Reached skill level 11 in Ice Magic
 12664 | Lair:1   | Reached XP level 11. HP: 88/88 MP: 24/24
 13539 | Lair:2   | Reached skill level 10 in Spellcasting
 13697 | Lair:2   | Lost mutation: Your translucent skin slightly reduces your
                  | foes' accuracy. (Stealth) [Jiyva's grace]
 13776 | Lair:2   | Reached skill level 12 in Ice Magic
 14012 | Lair:2   | Gained mutation: You are partially covered in large bone
                  | plates. (SH +4) [Jiyva's grace]
 14275 | Lair:2   | Found a radiant altar of Vehumet.
 14750 | Lair:3   | Found a dark tunnel.
 14755 | Volcano  | Entered a volcano
 14810 | Volcano  | Reached XP level 12. HP: 25/96 MP: 16/26
 14902 | Volcano  | Found a bloodstained altar of Trog.
 14932 | Volcano  | Noticed a hell knight
 14969 | Volcano  | Gained mutation: Your magical capacity is low. (-10% MP)
                  | [Jiyva's grace]
 14987 | Volcano  | Killed a hell knight
 14988 | Volcano  | Reached skill level 13 in Ice Magic
 15338 | Lair:3   | Lost mutation: You are covered in slimy tendrils that may
                  | disarm your opponents. [Jiyva's grace]
 15623 | Lair:3   | Got a faintly glowing golden ring
 15624 | Lair:3   | Identified the ring "Biar" {*Drain rElec rC++ SInv Stlth+}
                  | (You found it on level 3 of the Lair of Beasts)
 15780 | Lair:3   | Found a staircase to the Shoals.
 16591 | Lair:4   | Lost mutation: You have large cloven feet. [Jiyva's grace]
 16688 | Lair:4   | Noticed Nessos
 16706 | Lair:4   | Killed Nessos
 17169 | Lair:4   | Found a hole to the Spider Nest.
 17171 | Lair:4   | Upgraded the game from 0.27-a0-200-g8ba017916c to
                  | 0.27-a0-203-gd48b2df3c9
 17282 | Lair:4   | Learned a level 1 spell: Animate Skeleton
 17778 | Lair:4   | Lost mutation: You have acidic saliva. [Jiyva's grace]
 17969 | Lair:5   | Reached skill level 10 in Dodging
 18058 | Lair:5   | Reached XP level 13. HP: 102/102 MP: 13/25
 18079 | Lair:5   | Reached skill level 14 in Ice Magic
 18292 | Lair:5   | Lost mutation: You are dopey. (Int -2) [Jiyva's grace]
 19112 | Lair:6   | Entered Level 6 of the Lair of Beasts
 19120 | Lair:6   | Found a staircase to the Slime Pits.
 19129 | Lair:6   | Gained mutation: You possess an exceptional clarity of
                  | mind. [Jiyva's grace]
 19589 | Lair:6   | Noticed a dire elephant
 19624 | Lair:6   | Killed a dire elephant
 20236 | Lair:2   | Gained mutation: You are covered in slimy tendrils that may
                  | disarm your opponents. [Jiyva's grace]
 20567 | Lair:6   | Found a burning altar of Makhleb.
 20598 | Lair:6   | Reached skill level 15 in Ice Magic
 20614 | Lair:6   | Learned a level 3 spell: Stone Arrow
 20632 | Lair:6   | HP: 5/102 [burnt (5)]
 20632 | Lair:6   | Slain by a smoke demon

Illustrated notes

Levels and vault maps discovered:
D:1:      dpeg_arrival_round_c, layout_basic, nrook_campfire
D:2:      layout_basic, fedhas_ov_isle_minmay
D:3:      layout_basic, gammafunk_temple_overflow_elements,
          serial_bayou_lagoon_a, kennysheep_nondescript, minmay_misc_feat_cross,
          minmay_liquid_box, xom_redecorated, uniq_jessica, uniq_natasha,
          uniq_crazy_yiuf_cottage
D:4:      layout_rooms, grunt_temple_overflow_order_and_chaos_1,
          minmay_temple_entry_hall
D:5:      layout_cave_pools
D:6:      minmay_inner_zag, layout_loops_ring, okawaru_ov_weapons_minmay
D:7:      layout_basic, uniq_harold
D:8:      layout_basic, grunt_temple_overflow_forces_of_nature, minitemple
D:9:      layout_basic
D:10:     layout_stronghold, serial_bayou_lagoon_b
D:11:     layout_roguey, lair_entry_dummy, david_orc_3, onia_ninara_cookie,
          uniq_nergalle
Temple:   pf_slimified_temple
Lair:1:   layout_cave_pods
Lair:2:   layout_hall_layers, basic_altar, forest_entry_grove
Lair:3:   layout_chaotic_city, elwin_shoals_entry_rocks, enter_volcano_4,
          chequers_serial_rivers_room_b
Lair:4:   layout_hall_layers, spider_nest_entry_a, uniq_nessos
Lair:5:   layout_hall_layers, lookout_lair_type, grunt_megastairs_5,
          minmay_lair_oklob_chamber
Lair:6:   evil_forest, layout_small_grid, minmay_slime_entry_pillars,
          serial_bayou_shore_b

Skill      XL: |  1  2  3  4  5  6  7  8  9 10 11 12 13 |
---------------+----------------------------------------+-----
Dodging        | 2 3 4 5 6 7 8 10 | 10.9
Ice Magic      | 4 5 6 8 9 11 12 13 15 | 15.0
Spellcasting   | 3 4 5 6 7 9 10 11 12 | 12.7
Stealth        | |  1.4

Action                   |  1- 3 |  4- 6 |  7- 9 | 10-12 | 13-15 || total
-------------------------+-------+-------+-------+-------+-------++-------
Melee: Unarmed           |     3 |       |       |    35 |       ||    38
       Club              |     8 |    16 |       |       |       ||    24
       Quarterstaff      |       |     2 |    17 |       |       ||    19
       Giant spiked club |       |       |   160 |    52 |    49 ||   261
       Bite              |       |       |     9 |     4 |       ||    13
       Kick              |       |       |     1 |     6 |       ||     7
 Cast: Freeze            |    49 |    83 |    45 |    38 |       ||   215
       Frozen Ramparts   |       |     9 |    45 |    59 |    12 ||   125
       Pain              |       |       |    14 |       |       ||    14
       Summon Ice Beast  |       |       |     4 |    77 |    55 ||   136
       Hailstorm         |       |       |       |    56 |    40 ||    96
       Ice Form          |       |       |       |     4 |       ||     4
       Animate Skeleton  |       |       |       |       |     4 ||     4
Invok: Request Jelly     |       |       |     1 |     2 |       ||     3
       Slimify           |       |       |     2 |       |       ||     2
Evoke: Wand              |       |       |     4 |       |     3 ||     7
       Box of beasts     |       |       |       |       |     1 ||     1
  Use: Scroll            |       |    15 |       |     2 |     2 ||    19
       Potion            |       |       |       |     1 |       ||     1
 Stab: Sleeping          |       |     2 |     2 |     1 |     1 ||     6
Armor: Robe              |    15 |    14 |    14 |       |       ||    43
       Steam dragon scal |       |       |    96 |    48 |    19 ||   163
       Skin              |       |       |       |     9 |       ||     9
Dodge: Dodged            |    34 |    36 |   140 |   125 |    45 ||   380
Block: Other             |       |     5 |    71 |    67 |    43 ||   186
       Reflection        |       |       |     1 |     4 |       ||     5

Table legend: (Time is in decaauts)
 A = Elapsed time spent in this place.
 B = Non-inter-level travel time spent in this place.
 C = Inter-level travel time spent in this place.
 D = Time resting spent in this place.
 E = Time spent auto-exploring this place.
 F = Levels seen in this place.
 G = Mean time per level.
                   A        B        C        D        E       F      G
               +--------+--------+--------+--------+--------+-----+--------+
         Total |  20926 |  20449 |    477 |   3482 |  13513 |  19 | 1101.4 |
       Dungeon |  12244 |  11884 |    360 |   1599 |   8380 |  11 | 1113.1 |
        Temple |     15 |     15 |      0 |      0 |      5 |   1 |   15.0 |
          Lair |   8138 |   8021 |    117 |   1640 |   5102 |   6 | 1356.3 |
       Volcano |    528 |    528 |      0 |    243 |     26 |   1 |  528.0 |
               +--------+--------+--------+--------+--------+-----+--------+

Top non-repeatable levels by time:
     D:3: 1606 daAuts
     D:7: 1539 daAuts
  Lair:6: 1493 daAuts
  Lair:2: 1405 daAuts
  Lair:4: 1400 daAuts
  Lair:3: 1391 daAuts
    D:10: 1282 daAuts
  Lair:1: 1226 daAuts
  Lair:5: 1222 daAuts
    D:11: 1202 daAuts
     D:2: 1149 daAuts
     D:8: 1067 daAuts
     D:9: 1062 daAuts
     D:1: 1005 daAuts
     D:6: 902 daAuts
